 Dungeon Crawl Stone Soup version 0.30-a0-847-g17996783a1 (webtiles) character file.

Game seed: 15502425115368904761

51 qeuew the Chopper (level 3, 0/27 HPs)
             Began as a Demonspawn Gladiator on Mar 3, 2023.
             Slain by a ball python (2 damage)
             ... on level 2 of the Dungeon.
             The game lasted 00:01:20 (1018 turns).

qeuew the Chopper (Demonspawn Gladiator)            Turns: 1018, Time: 00:01:21

Health: 0/27       AC:  4    Str: 16    XL:     3   Next: 57%
Magic:  3/3        EV:  9    Int:  9    God:
Gold:   123        SH:  0    Dex: 14    Spells: 2/2 levels left

rFire   . . .      SeeInvis .    a - +0 war axe
rCold   . . .      Faith    .    (no shield)
rNeg    . . .      Spirit   .    b - +0 leather armour
rPois   .          Reflect  .    c - +0 helmet
rElec   .          Rampage  .    (no cloak)
rCorr   .                        (no gloves)
Will    .....                    (no boots)
Stlth   +                        (no amulet)
HPRegen 0.24/turn                (no ring)
MPRegen 0.08/turn                (no ring)

@: constricted
A: hooves 1
a: no special abilities


You were on level 2 of the Dungeon.
You visited 1 branch of the dungeon, and saw 2 of its levels.

You collected 123 gold pieces.

Inventory:

Hand Weapons
 a - a +0 war axe (weapon)
Missiles
 d - 3 throwing nets (quivered)
 e - 5 javelins
Armour
 b - a +0 leather armour (worn)
 c - a +0 helmet (worn)
Scrolls
 g - 2 scrolls of teleportation
Potions
 f - a potion of mutation {unknown}


   Skills:
 + Level 2.3 Fighting
 * Level 3.2 Axes
 * Level 2.5 Throwing
 + Level 0.5 Armour
 + Level 2.8 Dodging


You had 2 spell levels left.
You didn't know any spells.
Your spell library contained the following spells:

 Spells                   Type           Power      Damage    Failure   Level
 Magic Dart               Conj           0%         1d3       45%         1
 Searing Ray              Conj           0%         2d4       58%         2
 Fulminant Prism          Conj/Hex       0%         3d5       99%         4


Dungeon Overview and Level Annotations

Branches:
Dungeon (2/15)

Altars:


Innate Abilities, Weirdness & Mutations

You have large cloven feet.


Message History

You are no longer poisoned.
The ball python hisses angrily.
The adder misses you.
Things that are here:
a +0 dagger; a jackal corpse The adder attacks as you move away!
The adder bites you.
* * * LOW HITPOINT WARNING * * *
The adder bites you but does no damage.
You see here 2 stones.
You slash the adder!
You kill the adder!
The kobold hits you but does no damage. The ball python barely misses you.
The ball python grabs you. The ball python constricts you.
* * * LOW HITPOINT WARNING * * *
You see here an adder corpse.
You hit the kobold.
You kill the kobold!
You barely miss the ball python. The ball python misses you.
The ball python constricts you. The adder bites you but does no damage.
You hit the adder. You kick the adder.
The adder is heavily wounded.
You closely miss the ball python. The ball python barely misses you.
The ball python constricts you.
* * * LOW HITPOINT WARNING * * *
The adder bites you.
* * * LOW HITPOINT WARNING * * *
The ball python barely misses you. The ball python constricts you.
The adder bites you.
* * * LOW HITPOINT WARNING * * *
You closely miss the adder.
The adder is heavily wounded.
You closely miss the ball python. The ball python closely misses you.
The ball python constricts you. The adder bites you.
* * * LOW HITPOINT WARNING * * *
The ball python closely misses you. The ball python constricts you.
The adder barely misses you.
You slash the adder!
You kill the adder!
You barely miss the ball python. The ball python bites you.
You die...

####.##........# #).
#...†...#.#
#$..#.).###.#.#
..#...###.#.# # #
#.##..##.#.# .# #
..#J#...#...######.####
...##J##......).........
.......#)#................
.......##@##.##.........#.
........S#(#........#.####
#....?...###..†..##.#.#...
#.............##........##
....######.#.. ##.........
.... #...####.#....†..
#>.............#.
...........#...##. .
....########....


You could see 2 endoplasms and a ball python.

Vanquished Creatures
  2 adders (D:2)
  3 bats (D:1)
  4 endoplasms (D:1)
  A giant cockroach (D:1)
  3 goblins
  3 hobgoblins
  4 jackals
  7 kobolds
  A quokka (D:2)
  7 ball pythons
  A frilled lizard (D:2)
  2 rats
38 creatures vanquished.

Notes
Turn   | Place    | Note
-------+----------+-------------------------------------------
     0 | D:1      | qeuew the Demonspawn Gladiator began the quest for the Orb.
     0 | D:1      | Reached XP level 1. HP: 16/16 MP: 1/1
   182 | D:1      | Gained mutation: You have large cloven feet. [demonic
                  | ancestry]
   182 | D:1      | Reached XP level 2. HP: 22/22 MP: 2/2
   223 | D:1      | Reached skill level 3 in Axes
   598 | D:1      | Reached XP level 3. HP: 27/27 MP: 3/3
  1017 | D:2      | HP: 1/27 [adder (1)]
  1018 | D:2      | Slain by a ball python

Illustrated notes

Levels and vault maps discovered:
D:1:      dpeg_arrival_connections, layout_basic
D:2:      layout_rooms, minmay_misc_feat_tower, minmay_vboxes, uniq_terence

Skill      XL: |  1  2 |
---------------+-------+-----
Throwing       | 2 |  2.5
Axes           | 3 |  3.2
Fighting       | |  2.3
Armour         | |  0.5
Dodging        | |  2.8

Action                     || total
---------------------------++-------
  Melee: War axe           ||    77
         Kick              ||    11
    Use: Scroll            ||     2
         Potion            ||     1
   Stab: Sleeping          ||     1
 Armour: Leather armour    ||    28
  Dodge: Dodged            ||    71

Table legend: (Time is in decaauts)
 A = Elapsed time spent in this place.
 B = Non-inter-level travel time spent in this place.
 C = Inter-level travel time spent in this place.
 D = Time resting spent in this place.
 E = Time spent auto-exploring this place.
 F = Levels seen in this place.
 G = Mean time per level.
                   A        B        C        D        E       F      G
               +--------+--------+--------+--------+--------+-----+--------+
         Total |   1044 |   1013 |     31 |      0 |    787 |   2 |  522.0 |
       Dungeon |   1044 |   1013 |     31 |      0 |    787 |   2 |  522.0 |
               +--------+--------+--------+--------+--------+-----+--------+

Top non-repeatable levels by time:
     D:1: 899 daAuts
     D:2: 144 daAuts
